 Dungeon Crawl Stone Soup version 0.30.1-11-g7821555f0a (webtiles) character file.

Game seed: 7273874513877080123

23 booth the Conjurer (level 3, 0/22 HPs)
             Began as a Gargoyle Reaver on Oct 28, 2023.
             Slain by a jackal (1 damage)
             ... on level 1 of the Dungeon.
             The game lasted 00:02:41 (420 turns).

booth the Conjurer (Gargoyle Reaver)                 Turns: 420, Time: 00:02:42

Health: 0/22       AC:  6    Str: 17    XL:     3   Next: 0%
Magic:  6/6        EV: 11    Int: 13    God:
Gold:   15         SH:  2    Dex:  8    Spells: 5/6 levels left

rFire   . . .        a - +0 mace
rCold   . . .        c - +0 buckler
rNeg    + . .        b - +0 leather armour
rPois   ∞            (no helmet)
rElec   +            (no cloak)
rCorr   .            (no gloves)
SInv    .            (no boots)
Will    .....        (no amulet)
Stlth   +            (no ring)
HPRegen 0.23/turn    (no ring)
MPRegen 0.10/turn

%: no passive effects
@: hasted, very quick
A: sickness immunity, AC +3, negative energy resistance 1, electricity
resistance, torment resistance 1, petrification resistance
a: no special abilities


You were on level 1 of the Dungeon.
You visited 1 branch of the dungeon, and saw 1 of its levels.

You collected 15 gold pieces.

Inventory:

Hand Weapons
 a - a +0 mace (weapon)
Armour
 b - a +0 leather armour (worn)
 c - a +0 buckler (worn)
Scrolls
 d - a scroll of magic mapping {unknown}
 e - a scroll of enchant armour {unknown}


   Skills:
 + Level 2.5 Fighting
 + Level 0.1(1.8) Axes
 * Level 3.3 Maces & Flails
 + Level 1.8 Dodging
 + Level 2.1 Spellcasting
 + Level 3.5 Conjurations


You had 5 spell levels left.
You knew the following spells:

 Your Spells              Type           Power      Damage    Failure   Level
a - Kiss of Death         Conj/Necr      20%        2d7       21%         1

Your spell library contained the following spells:

 Spells                   Type           Power      Damage    Failure   Level
 Momentum Strike          Conj/Tloc      10%        3d8       30%         2
 Hailstorm                Conj/Ice       5%         3d4       52%         3


Dungeon Overview and Level Annotations

Branches:
Dungeon (1/15)

Altars:


Innate Abilities, Weirdness & Mutations

You are immune to sickness and miasma.
Your stone body is resilient. (AC +3)
You are immune to poison.
You resist negative energy. (rN+)
You are resistant to electric shocks. (rElec)
You are resistant to unholy torment.
You are immune to petrification.


Message History

The jackal barks!
A jackal comes into view.
The jackal barely misses you. The jackal bites you.
The jackal bites you but does no damage.
The jackal barely misses you. The jackal completely misses you.
The jackal barks!
You hit the jackal.
The jackal is moderately wounded.
The jackal barely misses you. x3; The jackal closely misses you.
You barely miss the jackal.
The jackal is moderately wounded.
The jackal bites you but does no damage. x2
You block the jackal's attack. The jackal bites you. x2
The jackal closely misses you. The jackal bites you.
The jackal barely misses you. The jackal barely misses you.
The jackal barely misses you. x3; The jackal bites you.
The jackal closely misses you.
You hit the jackal.
The jackal is almost dead.
The jackal bites you but does no damage.
The jackal misses you. The jackal bites you.
* * * LOW HITPOINT WARNING * * *
The jackal misses you. The jackal closely misses you. x2
The jackal barely misses you.
You hit the jackal.
You kill the jackal!
The jackal closely misses you. The jackal bites you.
* * * LOW HITPOINT WARNING * * *
The jackal closely misses you. The jackal bites you.
* * * LOW HITPOINT WARNING * * *
The jackal bites you but does no damage.
You have reached level 3!
Your experience leads to an increase in your attributes!
Increase (S)trength, (I)ntelligence, or (D)exterity?
You feel stronger. x2
It was a potion of haste.
You feel yourself speed up.
The jackal bites you but does no damage.
The jackal misses you. The jackal barely misses you. The jackal bites you.
You die...

#...# . #...#
. #...# #
##...# ?...#
#...# #†..#
###h..#
##.@†..# ###
##.h#h..# ..#
##..###### ..
#..## #.##.##
. #.##.# [##
###..#.# ...
#......#
#..###.##.###


You could see 3 jackals.

Vanquished Creatures
  2 ball pythons (D:1)
  5 endoplasms (D:1)
  2 giant cockroaches (D:1)
  2 goblins (D:1)
  2 jackals (D:1)
  5 bats (D:1)
  2 kobolds (D:1)
  2 rats (D:1)
22 creatures vanquished.

Notes
Turn   | Place    | Note
-------+----------+-------------------------------------------
     0 | D:1      | booth the Gargoyle Reaver began the quest for the Orb.
     0 | D:1      | Reached XP level 1. HP: 12/12 MP: 3/3
   146 | D:1      | Reached XP level 2. HP: 18/18 MP: 5/5
   420 | D:1      | Reached XP level 3. HP: 1/22 MP: 6/6
   420 | D:1      | Slain by a jackal

Illustrated notes

Levels and vault maps discovered:
D:1:      dpeg_arrival_more_subterranean_lakeside_camping, layout_rooms,
          minmay_heptomino_l4

Action                     || total
---------------------------++-------
  Melee: Mace              ||    72
    Use: Potion            ||     1
 Armour: Leather armour    ||    39
  Dodge: Dodged            ||    80
  Block: Buckler           ||     7
